 Dungeon Crawl Stone Soup version 0.31.0-12-g77e489cdc1 (webtiles) character file.

Game seed: 13180833443057344927

19 sking99 the Sneak (level 2, -1/15 HPs)
             Began as a Kobold Enchanter on Feb 21, 2024.
             Was an Initiate of Wu Jian.
             Slain by Terence
             ... wielding a +0 trident
              (6 damage)
             ... on level 2 of the Dungeon.
             The game lasted 00:03:32 (1161 turns).

sking99 the Sneak (Kobold Enchanter)                Turns: 1161, Time: 00:03:33

Health: -1/15      AC:  2    Str:  5    XL:     2   Next: 95%
Magic:  5/5        EV: 15    Int: 16    God:    Wu Jian [......]
Gold:   27         SH:  0    Dex: 15    Spells: 3/5 levels left

rFire   . . .        a - +1 dagger
rCold   . . .        (no shield)
rNeg    . . .        b - +0 robe
rPois   .            (no helmet)
rElec   .            (no cloak)
rCorr   .            (no gloves)
SInv    .            (no boots)
Will    .....        (no amulet)
Stlth   ++++         (no ring)
HPRegen 0.22/turn    (no ring)
MPRegen 0.09/turn

%: no passive effects
@: no status effects
A: small, no large weapons, nightstalker 3
a: Renounce Religion


You were on level 2 of the Dungeon.
You worshipped Wu Jian.
Wu Jian was noncommittal.
You visited 1 branch of the dungeon, and saw 2 of its levels.

You collected 27 gold pieces.

Inventory:

Hand Weapons
 a - a +1 dagger (weapon)
Armour
 b - a +0 robe (worn)
Wands
 g - a wand of charming (8)
Scrolls
 d - a scroll of blinking {unknown}
 e - a scroll of teleportation {unknown}
Potions
 c - 2 potions of invisibility
 f - a potion of haste {unknown}


   Skills:
 * Level 2.2 Short Blades
 + Level 2.6 Dodging
 + Level 4.2 Stealth
 - Level 2.1 Spellcasting
 * Level 3.3 Hexes
 + Level 0.1 Ice Magic


You had 3 spell levels left.
You knew the following spells:

 Your Spells              Type           Power      Damage    Failure   Level
a - Ensorcelled Hibernat  Hex/Ice        14%        N/A       16%         2

Your spell library contained the following spells:

 Spells                   Type           Power      Damage    Failure   Level
 Confusing Touch          Hex            12%        N/A       16%         3
 Tukima's Dance           Hex            12%        N/A       16%         3
 Cigotuvi's Dreadful Rot  Necr/Alch/Air  2%         N/A       30%         2
 Static Discharge         Conj/Air       2%         3-4/arc   30%         2
 Dazzling Flash           Conj/Hex       14%        N/A       30%         3
 Airstrike                Air            0%         2d(1-17)  90%         4
 Dispel Undead            Necr           1%         3d6       90%         4
 Martyr's Knell           Necr/Summ      1%         N/A       90%         4
 Summon Lightning Spire   Summ/Air       1%         N/A       90%         4
 Death Channel            Necr           0%         N/A       100%        6


Dungeon Overview and Level Annotations

Branches:
Dungeon (2/15)

Altars:
Wu Jian

Annotations:
D:2 Terence


Innate Abilities, Weirdness & Mutations

You are small and have problems with some larger weapons.
You are completely attuned to the shadows.


Message History

There is an ornate altar of the Wu Jian Council here.
You kneel at the altar of Wu Jian.
The Council welcomes you!
You can now perform damaging attacks by moving towards foes.
f - a glowing inky potion
Found a stone staircase leading down.
g - a wand of charming (8) Terence the Incautious comes into view.
He is wielding a +0 trident.
A dart slug comes into view.
You lunge at Terence.
You hit Terence.
Terence is lightly wounded.
Terence shouts, "Now you die!" Terence hits you with a +0 trident.
Casting: Ensorcelled Hibernation (safe; 16% risk of failure)
Confirm with . or Enter, or press ? or * to list all spells.
Aiming: Ensorcelled Hibernation (safe; 16% risk of failure)
Press: ? - help, Shift-Dir - straight line, f - Terence
Aim: Terence, wielding a +0 trident and wearing a +0 chain mail (lightly wounded, chance to affect: 50%) Terence resists with some effort.
Terence barely misses you.
Casting: Ensorcelled Hibernation (safe; 16% risk of failure)
Confirm with . or Enter, or press ? or * to list all spells.
Aiming: Ensorcelled Hibernation (safe; 16% risk of failure)
Press: ? - help, Shift-Dir - straight line, f/p - Terence
Aim: Terence, wielding a +0 trident and wearing a +0 chain mail (lightly wounded, chance to affect: 50%) Terence resists with some effort.
Terence barely misses you.
You hit Terence but do no damage.
Terence is lightly wounded.
Terence hits you from afar with a +0 trident!
Terence closely misses you.
Terence screams, "I'm going to kill you!"
There is a stone staircase leading down here.
Terence shouts, "Get ready for death!"
Terence attacks as he pursues you!
Terence hits you from afar with a +0 trident!
Ouch! That really hurt!
* * * LOW HITPOINT WARNING * * *
Terence attacks as he pursues you!
Terence hits you from afar with a +0 trident.
You die...
Terence says, "That felt goooood."

#+## #.#
#...####.#
#........#
##........#
##..^._..#.#
#........#.#
..#.@.....#
#.#.######
##@## ###


You could see Terence.

Vanquished Creatures
  2 endoplasms (D:1)
  A giant cockroach (D:1)
  A goblin (D:1)
  4 hobgoblins (D:1)
  A quokka (D:1)
  A bat (D:1)
  3 frilled lizards (D:1)
  2 kobolds (D:1)
  4 rats (D:1)
19 creatures vanquished.

Notes
Turn   | Place    | Note
-------+----------+-------------------------------------------
     0 | D:1      | sking99 the Kobold Enchanter began the quest for the Orb.
     0 | D:1      | Reached XP level 1. HP: 10/10 MP: 3/3
   234 | D:1      | Reached XP level 2. HP: 15/15 MP: 5/5
   438 | D:1      | Learned a level 2 spell: Ensorcelled Hibernation
   674 | D:1      | Found a faded altar of an unknown god.
  1031 | D:2      | Found an ornate altar of the Wu Jian Council.
  1036 | D:2      | Became a worshipper of the Wu Jian Council
  1111 | D:2      | Noticed Terence
  1161 | D:2      | Slain by Terence

Illustrated notes

Levels and vault maps discovered:
D:1:      zaba_arrival_water, layout_basic, ebering_ecumenical_altar_hall
D:2:      layout_loops_corners, basic_altar, uniq_robin, uniq_terence

Skill      XL: |  1  2 |
---------------+-------+-----
Short Blades   | 2 |  2.2
Dodging        | |  2.6
Stealth        | |  4.2
Spellcasting   | |  2.1
Hexes          | |  3.3
Ice Magic      | |  0.1

Action                     || total
---------------------------++-------
  Melee: Dagger            ||    48
         Punch             ||     1
   Cast: Ensorcelled Hiber ||     6
Ability: Lunge             ||     1
   Stab: Sleeping          ||    12
 Armour: Robe              ||    15
  Dodge: Dodged            ||    34
